 Dungeon Crawl Stone Soup version 0.24-a0-520-g8fd06ad0bc (webtiles) character file.

Game seed: 7275599923204759657

3413 Gynju the Conjurer (level 9, 0/67 (68) HPs)
             Began as a Demonspawn Wizard on July 26, 2019.
             Was a Follower of Nemelex Xobeh.
             Succumbed to a killer bee's poison
             ... on level 8 of the Dungeon.
             The game lasted 00:28:23 (11789 turns).

Gynju the Conjurer (Demonspawn Wizard)             Turns: 11789, Time: 00:28:24

HP:   0/67 (68)     AC: 14    Str: 15    XL:     9   Next: 76%
MP:   0/16          EV: 13    Int: 26    God:    Nemelex Xobeh [*.....]
Gold: 240           SH:  0    Dex: 11    Spells: 13/18 levels left

rFire    + + +     SeeInvis .   b - +0 falchion (drain)
rCold    x . .     Gourm    .   (no shield)
rNeg     . . .     Faith    .   c - +2 leather armour of Iwnifron {rElec rF+++ rC- Str+7}
rPois    .         Spirit   +   s - +0 helmet
rElec    +         Reflect  .   h - +0 cloak
rCorr    .         Harm     +   (no gloves)
MR       .....                  L - +2 pair of boots
Stlth    +.........             t - amulet of harm
HPRegen  0.21/turn              j - +3 ring of intelligence
MPRegen  0.15/turn              (no ring)

@: lethally poisoned (0 -> -12), lightly drained
A: hooves 1, molten scales 2, powered by pain 2, magic shield
a: Draw Escape, Draw Destruction, Draw Summoning, Renounce Religion


You were on level 8 of the Dungeon.
You worshipped Nemelex Xobeh.
Nemelex Xobeh was aware of your devotion.
You were not hungry.

You visited 2 branches of the dungeon, and saw 9 of its levels.

You collected 376 gold pieces.
You spent 136 gold pieces at shops.

Inventory:

Hand Weapons
 b - a +0 falchion of draining (weapon)
 g - the +1 spear of Ointment {freeze, rPois}
   (You bought it in a shop on level 4 of the Dungeon)

   It has been specially enchanted to freeze those struck by it, causing extra
   injury to most foes and up to half again as much damage against particularly
   susceptible opponents.
   It can also slow down cold-blooded creatures.
   It protects you from poison.
 o - a +0 dagger of venom
 y - a +2 dagger of protection
Missiles
 K - 5 atropa-tipped darts (quivered)
Armour
 c - the +2 leather armour of Iwnifron (worn) {rElec rF+++ rC- Str+7}
   (You found it on level 4 of the Dungeon)

   It affects your strength (+7).
   It renders you almost immune to fire.
   It makes you vulnerable to cold.
   It insulates you from electricity.
 h - a +0 cloak (worn)
 n - a +0 ring mail of cold resistance
 s - a +0 helmet (worn)
 L - a +2 pair of boots (worn)
Jewellery
 e - an uncursed amulet of the gourmand
 j - a +3 ring of intelligence (left hand)
 t - an amulet of harm (around neck)
Wands
 x - a wand of random effects (23)
 A - a wand of scattershot (4)
Scrolls
 a - 3 scrolls of teleportation
 k - 2 scrolls of immolation
 p - 3 scrolls of magic mapping
 r - a scroll of enchant armour {unknown}
 v - 2 scrolls of remove curse
 B - 4 scrolls of identify
 E - a scroll of fog {unknown}
 F - a scroll of amnesia
 G - 2 scrolls of enchant weapon
Potions
 f - 2 potions of flight {unknown}
 i - 3 potions of curing
 l - 2 potions of resistance
 m - 3 potions of mutation
 q - a potion of might {unknown}
 u - 2 potions of cancellation
 w - a potion of berserk rage
 z - 2 potions of agility
 C - a potion of heal wounds
 D - 2 potions of haste {unknown}
 H - 3 potions of degeneration {unknown}
 I - a potion of brilliance {unknown}
Comestibles
 d - 16 rations
 J - 7 chunks of flesh


   Skills:
 - Level 5.0(4.9) Fighting
 * Level 3.3(3.2) Long Blades
 + Level 4.6(4.5) Armour
 - Level 5.0(4.9) Dodging
 - Level 1.7(1.6) Stealth
 - Level 5.0(4.9) Spellcasting
 - Level 6.4(6.3) Conjurations
 - Level 4.0(3.9) Summonings
 - Level 4.0(3.9) Translocations


You had 13 spell levels left.
You knew the following spells:

 Your Spells              Type           Power        Failure   Level  Hunger
a - Magic Dart            Conj           ####         1%          1    None
b - Blink                 Tloc           N/A          3%          2    None
c - Call Imp              Summ           ####....     3%          2    None

Your spell library contained the following spells:

 Spells                   Type           Power        Failure   Level  Hunger
 Conjure Flame            Conj/Fire      ###.....     8%          3    ##.....
 Mephitic Cloud           Conj/Pois/Air  ###.....     12%         3    ##.....
 Slow                     Hex            #.......     14%         2    None


Dungeon Overview and Level Annotations

Branches:
Dungeon (8/15)             Temple (1/1) D:4
   Lair: D:8-11

Altars:
Ashenzari
Cheibriados
Dithmenos
Elyvilon
Fedhas
Gozag
Hepliaklqana
Kikubaaqudgha
Makhleb
Nemelex Xobeh
Okawaru
Ru
Sif Muna
Trog
Xom
Yredelemnul
Zin
The Shining One

Shops:
D:4 (   D:6 :


Innate Abilities, Weirdness & Mutations

You have large cloven feet.
You are mostly covered in molten scales. (AC +3)
You sometimes gain power by taking damage.
When hurt, damage is shared between your health and your magic reserves.


Message History

You feel sick. The killer bee closely misses you.
You feel sick.
The killer bee stings you but does no damage.
You feel sick. The killer bee misses you.
You riposte.
You hit the killer bee but do no damage.
The killer bee is almost dead.
You feel sick. The killer bee stings you.
* * * LOW HITPOINT WARNING * * *
You feel sick. The killer bee barely misses you. The killer bee stings you.
* * * LOW HITPOINT WARNING * * *
You are more poisoned.
The killer bee poisons you!
* * * LOW HITPOINT WARNING * * *
You feel sick.
The killer bee stings you but does no damage.
* * * LOW HITPOINT WARNING * * *
You feel sick. The killer bee completely misses you.
You die...
Your body disappears without a glow.

#######
##..........
##........8..
#............
##.........8..
##.............#
#................
#......yY.........
##................#
#.......@.........#
#.................#
#.................#
#................#
#................#
##.........).....#
##...........<.##
####...)......#
####.รท######


You could see a sky beast and a killer bee.

Vanquished Creatures
  A water moccasin (D:6)
  An ice beast (D:6)
  2 sky beasts (D:7)
  An orc warrior (D:7)
  A necrophage (D:6)
  5 ogres
  3 centaurs
  A bullfrog (D:7)
  A wyvern skeleton (D:6)
  2 scorpions
  5 killer bees
  5 wights (D:8)
  5 howler monkeys
  2 crimson imps (D:7)
  5 hounds
  5 jellies
  8 orc wizards
  4 orc priests
  2 centaur skeletons
  A centaur zombie (D:5)
  Ijyb (D:5)
  Natasha (thrice) (D:4)
  3 worker ants
  A hound zombie (D:7)
  Robin (D:2)
  A howler monkey zombie (D:7)
  8 gnolls
  5 adders
  A howler monkey skeleton (D:5)
  2 shadow imps
  An adder zombie (D:7)
  5 worms
  6 leopard geckos
  22 orcs
  A ball python (D:6)
  A bat (D:3)
  2 giant cockroaches
  16 goblins
  9 hobgoblins
  11 jackals
  6 kobolds
  7 quokkas
  6 frilled lizards
  A giant cockroach zombie (D:6)
  A jackal skeleton (D:4)
  A leopard gecko skeleton (D:7)
  3 quokka skeletons
  9 rats
194 creatures vanquished.

Vanquished Creatures (collateral kills)
  Duvessa (D:5)
  Dowan (D:5)
  A bullfrog zombie (D:6)
  An adder (shapeshifter) (D:8)
4 creatures vanquished.

Grand Total: 198 creatures vanquished

Notes
Turn   | Place    | Note
-------+----------+-------------------------------------------
     0 | D:1      | Gynju the Demonspawn Wizard began the quest for the Orb.
     0 | D:1      | Reached XP level 1. HP: 13/13 MP: 4/4
   496 | D:1      | Gained mutation: You are partially covered in molten
                  | scales. (AC +2) [demonic ancestry]
   496 | D:1      | Reached XP level 2. HP: 19/19 MP: 4/6
   964 | D:2      | Reached skill level 2 in Conjurations
  1075 | D:2      | Reached XP level 3. HP: 24/24 MP: 0/8
  1783 | D:2      | Gained mutation: When hurt, damage is shared between your
                  | health and your magic reserves. [demonic ancestry]
  1783 | D:2      | Reached XP level 4. HP: 30/30 MP: 4/9
  2144 | D:2      | Reached skill level 3 in Conjurations
  2409 | D:2      | Noticed Robin
  2438 | D:2      | Killed Robin
  3125 | D:3      | Learned a level 2 spell: Blink
  3128 | D:3      | Learned a level 2 spell: Call Imp
  3215 | D:3      | Reached skill level 1 in Translocations
  3215 | D:3      | Gained mutation: You have large cloven feet. [demonic
                  | ancestry]
  3215 | D:3      | Reached XP level 5. HP: 35/35 MP: 5/11
  3284 | D:3      | Found a shattered altar of Ashenzari.
  4177 | D:4      | Found Avususo's Antique Weapon Emporium.
  4209 | D:4      | Got an encrusted leather armour
  4220 | D:4      | Identified the +2 leather armour of Iwnifron {rElec rF+++
                  | rC- Str+7} (You found it on level 4 of the Dungeon)
  4382 | D:4      | Reached XP level 6. HP: 5/41 MP: 0/12
  4729 | D:4      | Found an iron altar of Okawaru.
  4731 | D:4      | Noticed Natasha
  4734 | D:4      | Killed Natasha
  4734 | D:4      | Reached skill level 4 in Conjurations
  4744 | D:4      | Found a staircase to the Ecumenical Temple.
  4755 | Temple   | Entered the Ecumenical Temple
  4916 | Temple   | Became a worshipper of Nemelex Xobeh the Trickster
  5100 | D:4      | Received a gift from Nemelex Xobeh
  5118 | D:4      | Noticed Natasha
  5122 | D:4      | Killed Natasha
  5231 | D:4      | Bought a twisted spear for 136 gold pieces
  5231 | D:4      | Identified the cursed +1 spear of Ointment {freeze, rPois}
                  | (You bought it in a shop on level 4 of the Dungeon)
  5392 | D:4      | Noticed Natasha
  5400 | D:4      | Killed Natasha
  5952 | D:5      | Entered Level 5 of the Dungeon
  5959 | D:5      | Reached skill level 5 in Spellcasting
  6080 | D:5      | Noticed Ijyb
  6099 | D:5      | Killed Ijyb
  6099 | D:5      | Gained mutation: You sometimes gain a little power by
                  | taking damage. [demonic ancestry]
  6099 | D:5      | Reached XP level 7. HP: 46/46 MP: 0/14
  6803 | D:5      | Reached * piety under Nemelex Xobeh
  6834 | D:5      | Reached skill level 1 in Fighting
  6975 | D:5      | Reached skill level 1 in Armour
  7095 | D:5      | Reached skill level 5 in Conjurations
  7223 | D:5      | Noticed Duvessa
  7223 | D:5      | Noticed Dowan
  7505 | D:6      | Gained mutation: You sometimes gain power by taking damage.
                  | [demonic ancestry]
  7505 | D:6      | Reached XP level 8. HP: 37/56 MP: 4/15
  7615 | D:6      | Found an ancient bone altar of Kikubaaqudgha.
  7876 | D:6      | Reached skill level 6 in Conjurations
  8359 | D:6      | Found Korr's Book Emporium.
  8419 | D:5      | Killed Duvessa
  8420 | D:5      | Killed Dowan
  8961 | D:7      | Gained mutation: You are mostly covered in molten scales.
                  | (AC +3) [demonic ancestry]
  8961 | D:7      | Reached XP level 9. HP: 57/64 MP: 5/16
  9107 | D:7      | Found a shadowy altar of Dithmenos.
  9107 | D:7      | Found a shimmering altar of Xom.
 10009 | D:7      | Found a glowing golden altar of the Shining One.
 10284 | D:7      | Reached skill level 1 in Long Blades
 10948 | D:8      | Found a bloodstained altar of Trog.
 11325 | D:8      | Noticed a two-headed ogre
 11346 | D:8      | Noticed a glowing shapeshifter
 11346 | D:8      | a two-headed ogre changed into a glowing shapeshifter
 11347 | D:8      | a glowing shapeshifter changed into a hog
 11616 | D:8      | Reached skill level 5 in Fighting
 11621 | D:8      | Reached skill level 5 in Dodging
 11787 | D:8      | HP: 2/67 [poisoned by a killer bee]
 11789 | D:8      | Succumbed to a killer bee's poison

Levels and vault maps discovered:
D:1:      minmay_arrival_stone_box, layout_rooms, minmay_cut_off
D:2:      layout_basic, uniq_robin
D:3:      layout_rooms, cheibrodos_ashenzari_chains, first_ration
D:4:      layout_basic, okawaru_ov_weapons_minmay,
          nicolae_overflow_hidden_temple, minmay_temple_entry_overgrown,
          serial_shops, nicolae_shop_behind_doors, uniq_natasha
D:5:      layout_cave_pods, uniq_ijyb, uniq_duvessa
D:6:      layout_rooms, kiku_gazebo_pond_becter, serial_shops, shop,
          chequers_arboretum
D:7:      minmay_spotlight, layout_loops_cross,
          gammafunk_temple_overflow_statue, nicolae_tso_carved_into_rock,
          grunt_livestock, minmay_misc_feat_room
D:8:      layout_cave_pods, eat_drink_and_be_merry_uskayaw, marbit_many_paths,
          trog_ov_bears_minmay
Temple:   minmay_temple_curvy_loop

Skill      XL: |  1  2  3  4  5  6  7  8  9 |
---------------+----------------------------+-----
Conjurations   | 2 3 4 5 6 |  6.4
Spellcasting   | 4 5 |  5.0
Translocations | 1 2 3 4 |  4.0
Summonings     | 2 3 4 |  4.0
Dodging        | 2 3 5 |  5.0
Fighting       | 2 3 5 |  5.0
Armour         | 1 3 4 |  4.6
Long Blades    | 3 |  3.3
Stealth        | |  1.7

Action                   |  1- 3 |  4- 6 |  7- 9 || total
-------------------------+-------+-------+-------++-------
Melee: Unarmed           |    21 |       |       ||    21
       Dagger            |    27 |    53 |       ||    80
       Falchion          |       |     5 |    91 ||    96
       Spear             |       |     3 |       ||     3
 Cast: Magic Dart        |    54 |   238 |   395 ||   687
       Call Imp          |       |       |    19 ||    19
 Abil: Draw Destruction  |       |       |     4 ||     4
       Draw Escape       |       |       |     1 ||     1
       Draw Summoning    |       |       |     1 ||     1
  Use: Scroll            |       |    16 |     2 ||    18
       Potion            |       |     2 |       ||     2
 Stab: Distracted        |       |       |     1 ||     1
  Eat: Chunk             |     3 |    19 |    13 ||    35
Armor: Robe              |     5 |       |       ||     5
       Leather armour    |     2 |    37 |   118 ||   157
Dodge: Dodged            |    42 |    90 |   215 ||   347
       Rpst.: Falchion   |       |     3 |    57 ||    60

Table legend:
 A = Non-vault XP
 B = Vault XP
 C = Vault XP percentage of total XP
 D = Non-vault monster count
 E = Vault monster count
 F = Vault count percentage of total count
                 A         B        C        D         E       F
            +---------+---------+-------+---------+---------+-------
      Total |    4489 |     388 |   8.0 |     176 |      22 |  11.1
            +---------+---------+-------+---------+---------+-------
        D:1 |      47 |       5 |   9.6 |      14 |       3 |  17.6
        D:2 |      93 |      37 |  28.5 |      24 |      13 |  35.1
        D:3 |     137 |       0 |   0.0 |      22 |       0 |   0.0
        D:4 |     249 |      33 |  11.7 |      16 |       1 |   5.9
        D:5 |     560 |     172 |  23.5 |      20 |       3 |  13.0
        D:6 |    1185 |       0 |   0.0 |      24 |       0 |   0.0
        D:7 |    1239 |     141 |  10.2 |      32 |       2 |   5.9
        D:8 |     975 |       0 |   0.0 |      22 |       0 |   0.0
     Temple |       4 |       0 |   0.0 |       2 |       0 |   0.0
            +---------+---------+-------+---------+---------+-------
